 Dungeon Crawl Stone Soup version 0.28.0-53-g5a82cb258f (webtiles) character file.

Game seed: 16557659803014206199

588 issech the Skirmisher (level 7, -4/61 HPs)
             Began as a Minotaur Monk on June 26, 2022.
             Slain by a yak (11 damage)
             ... on level 10 of the Dungeon.
             The game lasted 00:09:54 (4218 turns).

issech the Skirmisher (Minotaur Monk)               Turns: 4218, Time: 00:09:54

Health: -4/61      AC:  8    Str: 15    XL:     7   Next: 15%
Magic:  6/6        EV: 12    Int:  7    God:
Gold:   90         SH:  0    Dex: 15    Spells: 6/6 levels left

rFire   . . .      SeeInvis .   B - +4 quarterstaff (chaos)
rCold   . . .      Faith    .   (shield currently unavailable)
rNeg    . . .      Spirit   .   l - +0 ring mail
rPois   .          Reflect  .   (helmet restricted)
rElec   .          Harm     .   C - +2 cloak
rCorr   .          Rampage  .   (no gloves)
Will    ++...                   (no boots)
Stlth   ++........              (no amulet)
HPRegen 0.20/turn               i - ring of willpower
MPRegen 0.10/turn               u - ring of willpower

@: no status effects
A: horns 2, retaliatory headbutt
a: no special abilities


You were on level 10 of the Dungeon.
You visited 1 branch of the dungeon, and saw 6 of its levels.
You also visited: Sewer.

You collected 90 gold pieces.

Inventory:

Hand Weapons
 a - a +0 hand axe
 b - a +0 trident
 d - a +0 mace
 k - a +0 dagger of holy wrath
 m - a +0 falchion of holy wrath
 A - a +0 long sword
 B - a +4 quarterstaff of chaos (weapon)
Missiles
 c - 132 stones (quivered)
 e - 36 bolts
 n - a throwing net
 p - 28 arrows
 q - 18 sling bullets
Armour
 f - a +0 cloak
 l - a +0 ring mail (worn)
 C - a +2 cloak (worn)
Jewellery
 i - a ring of willpower (left hand)
 u - a ring of willpower (right hand)
Wands
 o - a wand of acid (7)
Scrolls
 j - a scroll of teleportation
 s - a scroll of silence {unknown}
 v - a scroll of amnesia {unknown}
 x - 6 scrolls of identify {unknown}
 y - 2 scrolls of magic mapping {unknown}
 z - a scroll of noise {unknown}
 D - a scroll of enchant weapon {unknown}
Potions
 g - 2 potions of attraction {unknown}
 h - 2 potions of mutation {unknown}
 r - a potion of heal wounds {unknown}
 t - 3 potions of brilliance {unknown}
 w - a potion of curing


   Skills:
 + Level 5.2 Fighting
 + Level 4.3 Long Blades
 + Level 5.1 Axes
 + Level 0.9 Staves
 + Level 3.4 Armour
 + Level 4.5 Dodging
 + Level 2.5 Stealth


You had 6 spell levels left.
You didn't know any spells.
Your spell library contained the following spells:

 Spells                   Type           Power      Damage    Failure   Level
 Sandblast                Erth           0%         2d4       65%         1
 Sublimation of Blood     Necr           0%         N/A       80%         2
 Wereblood                Tmut           0%         N/A       80%         2
 Confusing Touch          Hex            0%         N/A       95%         3
 Gell's Gravitas          Tloc           0%         N/A       95%         3
 Summon Guardian Golem    Hex/Summ       0%         N/A       95%         3
 Teleport Other           Tloc           0%         N/A       95%         3
 Yara's Violent Unravell  Hex/Tmut       0%         3d3       100%        5
 Dispersal                Tloc           0%         N/A       100%        6
 Enfeeble                 Hex            0%         N/A       100%        7
 Orb of Destruction       Conj           0%         9d5       100%        7
 Spellforged Servitor     Conj/Summ      0%         N/A       100%        7
 Summon Hydra             Summ           0%         N/A       100%        7


Dungeon Overview and Level Annotations

Branches:
Dungeon (7/15)              Sewer (visited)
 Temple: D:4-7

Altars:


Innate Abilities, Weirdness & Mutations

You have a pair of horns on your head.
You reflexively headbutt those who attack you in melee.


Message History

The vampire mosquito completely misses you.
A white imp comes into view.
Found 22 stones and 19 gold pieces.
Found a stone staircase leading down.
The vampire mosquito barely misses you.
There is an open door here.
The vampire mosquito misses you.
The vampire mosquito closely misses you.
There is a shaft here.
You fall into a shaft and drop 3 floors!
The shaft crumbles and collapses.
You hear the roar of battle.
There is an entrance to a bailey on this level.
Hurry and find it before the portal closes forever!
Found a stone staircase leading up.
Found a ring mail.
Found a book of Dangerous Friends.
You see here a +0 ring mail.
You pick up a book of Dangerous Friends and begin reading...
You add the spells Summon Guardian Golem, Orb of Destruction and Spellforged Servitor to your library.
A yak comes into view.
A yak comes into view.
A yak comes into view.
The yak bellows! x3; You hear a bellow!
You hear two shouts!
A yak comes into view.
You hear a bellow!
A yak comes into view.
The yak bellows!
You hit the yak. You headbutt the yak.
The yak is lightly wounded.
The yak gores you!
* * * LOW HITPOINT WARNING * * *
You hit the yak. You headbutt the yak!
The yak is heavily wounded.
The yak gores you but does no damage.
A yak comes into view.
You barely miss the yak.
The yak bellows!
Your headbutt misses the yak.
The yak is heavily wounded.
The yak gores you!
You die...

#.#
#.#######
#........
#........
#.#######
#.# #.#
#.# #@#
#Y#


#YY #Y.. #...Y #..### #..# #..# You could see 5 yaks.

Vanquished Creatures
  A black bear (D:4)
  An ogre (D:4)
  A scorpion (D:4)
  2 orc priests (D:3)
  A jelly (D:3)
  Crazy Yiuf (D:3)
  Terence (D:2)
  An orc wizard (D:2)
  A hound skeleton (D:4)
  7 adders
  A river rat (Sewer)
  2 worms
  A dart slug (D:1)
  6 orcs
  2 bats (D:1)
  14 endoplasms
  4 giant cockroaches
  10 goblins
  8 hobgoblins
  6 jackals
  A quokka (D:2)
  5 ball pythons
  2 frilled lizards
  4 kobolds
  A quokka skeleton (D:4)
  15 rats
99 creatures vanquished.

Vanquished Creatures (others)
  A plant (D:2)
1 creature vanquished.

Grand Total: 100 creatures vanquished

Notes
Turn   | Place    | Note
-------+----------+-------------------------------------------
     0 | D:1      | issech the Minotaur Monk began the quest for the Orb.
     0 | D:1      | Reached XP level 1. HP: 19/19 MP: 0/0
   211 | D:1      | Reached XP level 2. HP: 22/27 MP: 1/1
   681 | D:1      | Reached XP level 3. HP: 30/34 MP: 2/2
  1230 | D:2      | Reached XP level 4. HP: 13/41 MP: 3/3
  1496 | D:2      | Found a faded altar of an unknown god.
  1504 | D:2      | Got Plato's Catalogue of Earth
  1553 | D:2      | Noticed Terence
  1568 | D:2      | Killed Terence
  1844 | D:2      | Reached skill level 5 in Axes
  2379 | D:3      | Found a glowing drain.
  2392 | D:3      | Reached XP level 5. HP: 42/47 MP: 4/4
  2418 | Sewer    | Entered a sewer
  2510 | Sewer    | Reached skill level 1 in Long Blades
  2614 | Sewer    | Reached skill level 1 in Armour
  3010 | D:3      | Found a runed translucent door.
  3011 | D:3      | Noticed Crazy Yiuf
  3244 | D:3      | Reached XP level 6. HP: 42/55 MP: 5/5
  3492 | D:3      | Reached skill level 5 in Fighting
  3719 | D:3      | Killed Crazy Yiuf
  4072 | D:4      | Reached XP level 7. HP: 54/61 MP: 6/6
  4141 | D:4      | You fall into a shaft and drop 3 floors!
  4141 | D:7      | Noticed a vampire mosquito
  4141 | D:7      | Noticed a vampire mosquito
  4141 | D:7      | Noticed a vampire mosquito
  4174 | D:7      | You fall into a shaft and drop 3 floors!
  4174 | D:10     | Entered Level 10 of the Dungeon
  4211 | D:10     | Noticed a yak
  4212 | D:10     | Noticed a yak
  4213 | D:10     | Noticed a yak
  4213 | D:10     | Noticed a yak
  4214 | D:10     | Noticed a yak
  4217 | D:10     | Noticed a yak
  4218 | D:10     | Slain by a yak

Illustrated notes

Levels and vault maps discovered:
D:1:      dpeg_arrival_boxes_within_box, layout_loops_ring,
          minmay_tree_intersection, minmay_indecisive_spiral
D:2:      layout_loops_ring, shapermc_ecumenical_altar_rom_forum, uniq_terence
D:3:      layout_loops_cross, gup_sewer_entry_glass, uniq_crazy_yiuf_cottage
D:4:      layout_basic, amethyst_killhole, minmay_circle_x
D:7:      layout_gridville, roderic_roman_lattice, nicolae_lava_and_water,
          guppyfry_shop_venom
D:10:     layout_long_grid, kennysheep_mini, erik_lair_dragon, enter_bailey_3

Skill      XL: |  1  2  3  4  5  6 |
---------------+-------------------+-----
Fighting       | 4 5 |  5.2
Axes           | 4 5 |  5.1
Dodging        | 4 |  4.5
Stealth        | 2 |  2.5
Long Blades    | 2 4 |  4.3
Armour         | 2 3 |  3.4
Staves         | |  0.9

Action                   |  1- 3 |  4- 6 |  7- 9 || total
-------------------------+-------+-------+-------++-------
Melee: Hand axe          |    81 |     3 |       ||    84
       Headbutt          |    12 |    21 |     2 ||    35
       Falchion          |       |   143 |       ||   143
       Quarterstaff      |       |    21 |     4 ||    25
  Use: Scroll            |       |     1 |       ||     1
 Stab: Sleeping          |     3 |     4 |       ||     7
       Paralysed         |       |     1 |       ||     1
Armor: Robe              |    17 |       |       ||    17
       Ring mail         |       |    54 |    11 ||    65
Dodge: Dodged            |    51 |   110 |    29 ||   190
